AoeStats
← 150490644@

Arabia

507293705Analyzed
1v1 RM · 14d ago on Sep 17, 2026· 31m 27s· 2 players
Game mode
Random Map
Map size
Tiny (2 player)
Population
200
Speed
Normal
Resources
Standard
Victory
Conquest
Starting age
Dark Age
Ending age
Imperial Age
RankedLock teamsTeams togetherTeam positionsShared explorationLock speedFull tech treeHidden civsTurbo modeCheats
Victory
Defeat
🇮🇹 Franks · Italy
980
+15
🇨🇱 Poles · Chile
950
-29
xyz
3:54 Loom
11:53 Feudal Age
12:24 Double-Bit Axe
12:20 Horse Collar
19:08 Bloodlines
19:28 Forging
23:22 Castle Age
22:54 Fletching
23:09 Scale Barding Armor
23:29 Light Cavalry
24:10 Husbandry
25:48 Heavy Plow
25:50 Gold Mining
29:29 Iron Casting
150490644@
6:38 Loom
9:35 Feudal Age
10:10 Double-Bit Axe
16:52 Gold Mining
20:58 Wheelbarrow
22:45 Castle Age
23:41 Scale Barding Armor
23:47 Forging
24:42 Hand Cart
24:41 Bow Saw
24:54 Chain Barding Armor
29:22 Husbandry
30:00 Iron Casting
Connection lost

Rejoining the realm…

Still unreachable

The connection could not be restored.

Session expired

The server has moved on; the page needs a fresh start.